 Dungeon Crawl Stone Soup version 0.17.2-1-ge4368a0 (webtiles) character file.

592 Goblin1989 the Martial Artist (level 7, -3/52 HPs)
             Began as a Demonspawn Monk on Sept 28, 2017.
             Killed from afar by a deep elf mage (11 damage)
             ... with a stone arrow
             ... on level 4 of the Dungeon.
             The game lasted 00:05:48 (1996 turns).

Goblin1989 the Martial Artist (Demonspawn Monk)     Turns: 1996, Time: 00:05:48

Health: -3/52      AC:  8    Str: 13    XL:     7   Next: 16%
Magic:  0/7        EV: 11    Int: 12    God:
Gold:   228        SH:  0    Dex: 15    Spells: 0 memorised, 6 levels left

rFire  . . .     SeeInvis .       - Unarmed
rCold  . . .     Clarity  .     c - +0 ring mail
rNeg   . . .     SustAt   .     (no shield)
rPois  .         Gourm    .     n - +0 helmet
rElec  .         Spirit   +     (no cloak)
rCorr  .         Warding  .     (no gloves)
rMut   .         Rnd*Tele +     (no boots)
MR     .....                    (no amulet)
Stlth  ..........               d - ring of loudness (curse)
                                t - ring of teleportation (curse)

@: not resistant to hostile enchantments, extremely unstealthy
A: claws 1, yellow scales 1, spiny 1, evolution 1, magic shield, magic
regeneration, magic link
a: Evoke Teleportation


You were on level 4 of the Dungeon.
You were not hungry.

You visited 1 branch of the dungeon, and saw 4 of its levels.

You collected 228 gold pieces.

Inventory:

Missiles
 f - 46 arrows
 i - 166 stones (quivered)
 k - 31 bolts
Armour
 a - a +0 robe
 c - a +0 ring mail (worn)
 n - a +0 helmet (worn)
Jewellery
 d - a cursed ring of loudness (right claw)
 o - a ring of invisibility {unknown}
 t - a cursed ring of teleportation (left claw)
 w - a ring of stealth {unknown}
Scrolls
 p - a scroll of enchant weapon
 r - a scroll of random uselessness {unknown}
 u - a scroll of fear {unknown}
 B - 2 scrolls of blinking
 R - a scroll of identify {@r1}
 T - 6 scrolls of teleportation {@r3, !r}
Potions
 b - a potion of invisibility {unknown}
 g - a potion of heal wounds {unknown}
 j - 2 potions of lignification
 l - 4 potions of flight
 m - 4 potions of curing {unknown}
 q - a potion of poison {unknown}
 v - a potion of agility {unknown}
 x - a potion of resistance {unknown}
Books
 s - a book of Death

   Spells                             Type                      Level
   a - Corpse Rot                     Necromancy                   2
   b - Sublimation of Blood           Necromancy                   2
   c - Agony                          Necromancy                   5
   d - Dispel Undead                  Necromancy                   5
   e - Excruciating Wounds            Charms/Necromancy            5
   f - Bolt of Draining               Conjuration/Necromancy       5
Comestibles
 e - 4 bread rations {@e1}
 h - a meat ration {@e2}
 z - a chunk of flesh


   Skills:
 - Level 3.0 Fighting
 - Level 2.6 Dodging
 - Level 1.7 Stealth
 + Level 8.0 Unarmed Combat


You had 6 spell levels left.
You didn't know any spells.

Dungeon Overview and Level Annotations

Branches:
Dungeon (4/15)
 Temple: D:4-7

Altars:


Innate Abilities, Weirdness & Mutations

You have sharp fingernails.
You are partially covered in yellow scales (AC +2).
You are partially covered in sharp spines.
When hurt, damage is shared between your health and your magic reserves.
You regenerate magic rapidly.
When low on magic, you restore magic in place of health.
You evolve.


Message History

The orc priest looks braver for a moment.
You claw the orc priest!
You kill the orc priest!
Your Unarmed Combat skill increases to level 8!
Unknown command.
You see here a dagger.
You see here a hand axe.
Things that are here:
a club; an orc corpse
x - an emerald potion You regained 6 hp, and now have 25/52 hp.
MP restored: 7
Found an escape hatch in the ceiling.
You regained 3 hp, and now have 28/52 hp.
There is an escape hatch in the ceiling here.
Found two stone staircases leading down.
You regained 2 hp, and now have 30/52 hp.
An orc comes into view. It is wielding a flail of distortion.
The orc shouts!
You are too injured to fight recklessly!
You are too injured to fight recklessly!
You are too injured to fight recklessly!
You are too injured to fight recklessly!
You are too injured to fight recklessly!
You are too injured to fight recklessly!
You are too injured to fight recklessly!
You are too injured to fight recklessly!
You are too injured to fight recklessly!
You are too injured to fight recklessly!
You are too injured to fight recklessly!
You are too injured to fight recklessly!
You are too injured to fight recklessly!
You are too injured to fight recklessly!
You are too injured to fight recklessly!
You are too injured to fight recklessly!
You are too injured to fight recklessly!
You are too injured to fight recklessly!
You are too injured to fight recklessly!
You are too injured to fight recklessly!
You are too injured to fight recklessly!
You are too injured to fight recklessly!
You are too injured to fight recklessly!
You are too injured to fight recklessly!
You are too injured to fight recklessly!
You are too injured to fight recklessly!
You are too injured to fight recklessly!
You are too injured to fight recklessly!
The orc hits you with a flail of distortion.
Space warps horribly around you!
* * * LOW HITPOINT WARNING * * *
You take 15 damage, and have 16/52 hp.
O_OOPS!!
MASSIVE DAMAGE!!
You now have 4/7 mp.
You scratch the orc but do no damage. You scratch the orc.
The orc is lightly wounded.
The orc misses you.
You scratch the orc but do no damage.
The orc is lightly wounded.
The orc closely misses you.
You barely miss the orc.
The orc is lightly wounded.
You scratch the orc.
The orc is heavily wounded.
The orc is struck by your spines.
You kill the orc!
Things that are here:
a flail of distortion {!w}; a ring mail; an orc corpse
Things that are here:
a flail of distortion {!w}; a ring mail; an orc corpse You butcher the orc corpse.
z - 3 chunks of flesh
Things that are here:
a flail of distortion {!w}; a ring mail; an orc skeleton MP restored: 7 Eating one of 3 chunks of flesh.
This raw flesh tastes terrible.
You are feeling hungry.
You continue eating. x2
Eating one of 2 chunks of flesh.
This raw flesh tastes terrible.
You continue eating. x2
R - a scroll of identify {@r1}
Things that are here:
a flail of distortion {!w}; a ring mail; an orc skeleton A deep elf mage comes into view.
It is wielding a long sword.
The deep elf mage shouts!
You regained 3 hp, and now have 21/52 hp.
A deep elf mage is nearby!
A deep elf mage is nearby!
You are too injured to fight recklessly!
The deep elf mage points at you and mumbles some strange words.
The stone arrow hits you!
* * * LOW HITPOINT WARNING * * *
You take 13 damage, and have 8/52 hp.
O_OOPS!!
MASSIVE DAMAGE!!
You now have 2/7 mp.
You closely miss the deep elf mage. The deep elf mage barely misses you.
You barely miss the deep elf mage. You scratch the deep elf mage.
The deep elf mage is lightly wounded.
The deep elf mage gestures at you while chanting.
The stone arrow hits you!
You die...

█...█ █.██..███.████ █...█
█.█████ ███ .██ ██.██ █.█
..█ █.█ █.█ ███.█ █.█ █.█
██.█.█ █.█ ██.█..█ █.█ █
█.███.█ █.█ █.████.█..█ █.█
█.e@█.███.█ █.█ ██[█.█.█..█
███ █.█ ████████.█ ... █.█
█.█.██..█ █.█ █.█.██)██ █.█
█.█>██.█ █.███████ █.█.██.█
[.█
█.......███████.█.██.██████.
...
███████...<............>....
...


You could see a deep elf mage.

Vanquished Creatures
  A phantom (D:4)
  An ogre (D:4)
  2 orc priests (D:4)
  3 orc wizards (D:3)
  2 worker ants (D:3)
  Natasha (thrice) (D:2)
  Robin (D:2)
  8 adders
  3 oozes
  3 worms (D:2)
  3 giant geckos
  12 orcs
  A ball python (D:3)
  13 bats
  4 giant cockroaches
  21 goblins
  6 hobgoblins
  4 jackals (D:1)
  2 quokkas (D:4)
  A giant gecko skeleton (D:4)
  2 giant newts
  12 kobolds
  5 rats
113 creatures vanquished.

Notes
Turn   | Place    | Note
--------------------------------------------------------------
     0 | D:1      | Goblin1989 the Demonspawn Monk began the quest for the Orb.
     0 | D:1      | Reached XP level 1. HP: 18/18 MP: 1/1
    61 | D:1      | Reached skill level 4 in Unarmed Combat
    68 | D:1      | Gained mutation: You have sharp fingernails. [demonic ancestry]
    68 | D:1      | Reached XP level 2. HP: 20/24 MP: 2/2
   263 | D:1      | Gained mutation: You are partially covered in sharp spines. [demonic ancestry]
   263 | D:1      | Reached XP level 3. HP: 20/29 MP: 3/3
   658 | D:2      | Reached skill level 5 in Unarmed Combat
   690 | D:2      | Noticed Robin
   695 | D:2      | Gained mutation: When hurt, damage is shared between your health and your magic reserves. [demonic ancestry]
   695 | D:2      | Reached XP level 4. HP: 33/35 MP: 4/4
   701 | D:2      | Killed Robin
   847 | D:2      | Noticed Natasha
   853 | D:2      | Killed Natasha
   984 | D:2      | Noticed Natasha
   989 | D:2      | Killed Natasha
   989 | D:2      | Gained mutation: You are partially covered in yellow scales (AC +2). [demonic ancestry]
   989 | D:2      | Reached XP level 5. HP: 37/41 MP: 5/5
  1109 | D:2      | Noticed Natasha
  1112 | D:2      | Killed Natasha
  1183 | D:3      | Reached skill level 6 in Unarmed Combat
  1316 | D:3      | Gained mutation: You evolve. [potion of beneficial mutation]
  1434 | D:3      | Gained mutation: You regenerate magic rapidly. [demonic ancestry]
  1434 | D:3      | Reached XP level 6. HP: 47/47 MP: 6/6
  1571 | D:3      | Reached skill level 7 in Unarmed Combat
  1739 | D:4      | Gained mutation: When low on magic, you restore magic in place of health. [demonic ancestry]
  1739 | D:4      | Reached XP level 7. HP: 43/52 MP: 7/7
  1881 | D:4      | Reached skill level 8 in Unarmed Combat
  1992 | D:4      | Noticed a deep elf mage
  1996 | D:4      | Killed from afar by a deep elf mage

Action                   |  1- 3 |  4- 6 |  7- 9 || total
-------------------------+-------+-------+-------++-------
Melee: Unarmed           |    90 |   103 |    22 ||   215
  Use: Scroll            |     4 |     4 |       ||     8
       Potion            |       |     1 |       ||     1
 Stab: Sleeping          |     3 |     1 |       ||     4
  Eat: Chunk             |       |     2 |     2 ||     4

Vault maps used:
D:1:      minmay_arrival_three_doors
D:2:      first_bread, uniq_natasha, uniq_robin
D:4:      minmay_small_thing
